 Dungeon Sprint DCSS version 0.28-a0-1435-g82390b3a13 (webtiles) character file.

Game seed: 780938012487595041

214873 mhtbhm the Axe Maniac (level 16, -2/274 HPs)
             Began as a Minotaur Berserker on Jan 9, 2022.
             Was the Champion of Trog.
             Killed from afar by a Hell Sentinel (32 damage)
             ... with damnation
             ... summoned by Dispater
             ... in the Dungeon (Sprint III: "The Ten Rune Challenge").
             The game lasted 00:34:58 (14324 turns).

mhtbhm the Axe Maniac (Minotaur Berserker)         Turns: 14324, Time: 00:34:59

Health: -2/274     AC: 26    Str: 39    XL:     16   Next: 99%
Magic:  13/13      EV: 15    Int:  4    God:    Trog [******]
Gold:   3969       SH: 23    Dex:  7    Spells: 15/15 levels left

rFire   + . .      SeeInvis .   a - +9 broad axe "Hugelop" {flame, *Rage rElec rN+++ Dex-4}
rCold   . . .      Faith    .   r - +2 tower shield {reflect}
rNeg    + + +      Spirit   .   b - +0 plate armour of the Nexus {Contam Fly rN+ Str+3}
rPois   +          Reflect  +   (helmet restricted)
rElec   +          Harm     .   j - +0 cloak
rCorr   .          Rampage  .   U - +3 pair of gauntlets of War {Slay+5}
Will    ++++.      Rage     20% w - +0 pair of boots "Akonoucegh" {Dex+3}
Stlth   .......... NoTele   +   L - amulet of regeneration
HPRegen 2.35/turn               y - ring of Gujic {Fly rElec Str+6 Dex-4 Stlth+}
MPRegen 0.13/turn               z - ring of protection from fire

@: berserking (expiring), strong-willed, flying, regenerating, studying 2
skills, very quick
A: horns 2, retaliatory headbutt, agile 1, deformed body, low mp 1,
strong-willed 1, poison resistance
}: 4/10 runes: decaying, serpentine, silver, golden
a: Renounce Religion, Berserk, Trog's Hand, Brothers in Arms


You were in the Dungeon.
You worshipped Trog.
Trog was exalted by your worship.
You visited 1 branch You collected 5703 gold pieces.
You spent 1734 gold pieces at shops.

Inventory:

Hand Weapons
 a - the +9 broad axe "Hugelop" (weapon) {flame, *Rage rElec rN+++ Dex-4}
   (Trog gifted it to you in the Dungeon)

   It burns those it strikes, dealing additional fire damage.
   Big, fiery blades are also staple armaments of hydra-hunters.
   Dex:       It affects your dexterity (-4).
   rElec:     It insulates you from electricity.
   rN:        It renders you almost immune to negative energy.
   *Rage:     It berserks you when you make melee attacks (+20% chance).
 d - a +4 executioner's axe of flaming
 i - a +1 trishula of holy wrath
 B - a +7 executioner's axe
 F - the +6 executioner's axe of Trog {vorpal, Dex+4}
   (Trog gifted it to you in the Dungeon)

   It inflicts extra damage upon your enemies.
   Dex:       It affects your dexterity (+4).
Missiles
 t - 6 javelins
 u - 5 atropa-tipped darts (quivered)
 v - 5 datura-tipped darts
 A - 7 curare-tipped darts
Armour
 b - the +0 plate armour of the Nexus (worn) {Contam Fly rN+ Str+3}
   (You bought it in a shop in the Dungeon)

   Str:       It affects your strength (+3).
   rN:        It protects you from negative energy.
   Fly:       It grants you flight.
   Contam:    It causes magical contamination when unequipped.
 j - a +0 cloak (worn)
 r - a +2 tower shield of reflection (worn)
 w - the +0 pair of boots "Akonoucegh" (worn) {Dex+3}
   (You bought it in a shop in the Dungeon)

   Dex:       It affects your dexterity (+3).
 D - a +4 chain mail of cold resistance
 G - the +8 plate armour "Losatae" {Str+7}
   (You took it off a deep elf high priest in the Dungeon)

   Str:       It affects your strength (+7).
 H - the +1 pair of gloves "Town" {rPois rCorr Dex+4}
   (You acquired it in the Dungeon)

   Dex:       It affects your dexterity (+4).
   rPois:     It protects you from poison.
   rCorr:     It protects you from acid and corrosion.
 O - the +0 pair of fencer's gloves {Riposte Dex+3}
   (You acquired it in the Dungeon)

   It allows the wearer to riposte with melee weapons, swiftly retaliating
   against missed attacks.
   Dex:       It affects your dexterity (+3).
 R - the +3 salamander hide armour {Flames rF++ rC--}
   (You took it off a royal mummy in the Dungeon)

   It surrounds you with a cloud of flames.
   It grants immunity to clouds of flame.
   It enhances your fire magic.
   rF:        It greatly protects you from fire.
   rC:        It makes you very vulnerable to cold.
 U - the +3 pair of gauntlets of War (worn) {Slay+5}
   (You found it in the Dungeon)

   Slay:      It affects your accuracy & damage with ranged weapons and melee
   (+5).
 V - the +10 tower shield of Ignorance {rN+ Int-4}
   (You found it in the Dungeon)

   Int:       It affects your intelligence (-4).
   rN:        It protects you from negative energy.
Jewellery
 l - a +4 ring of protection
 n - the ring of the Vanishing People {rElec rN+++ Will+ Int-4 Stlth-}
   (You acquired it in the Dungeon)

   [ring of willpower]

   Int:       It affects your intelligence (-4).
   rElec:     It insulates you from electricity.
   rN:        It renders you almost immune to negative energy.
   Will:      It increases your willpower.
   Stlth:     It makes you less stealthy.
 y - the ring of Gujic (left hand) {Fly rElec Str+6 Dex-4 Stlth+}
   (You bought it in a shop in the Dungeon)

   [ring of strength]

   Str:       It affects your strength (+6).
   Dex:       It affects your dexterity (-4).
   rElec:     It insulates you from electricity.
   Fly:       It grants you flight.
   Stlth:     It makes you more stealthy.
 z - a ring of protection from fire (right hand)
 I - a ring of see invisible
 L - an amulet of regeneration (around neck)
 M - a +6 ring of strength
 P - a ring of flight
 Q - the amulet of Springtime {Faith Harm Fly Regen+ Str+7}
   (You took it off a royal mummy in the Dungeon)

   [amulet of faith]

   It allows you to gain divine favour quickly.
   Str:       It affects your strength (+7).
   Fly:       It grants you flight.
   Regen:     It increases your rate of health regeneration.
   Harm:      It increases damage dealt and taken.
Wands
 e - a wand of charming (9)
 J - a wand of iceblast (3)
 N - a wand of digging (1)
Scrolls
 m - 7 scrolls of identify
 o - 3 scrolls of torment
 E - 2 scrolls of silence
 K - a scroll of fear
 T - 4 scrolls of enchant armour
Potions
 c - 3 potions of curing
 f - 2 potions of magic
 g - 3 potions of berserk rage
 h - a potion of ambrosia
 k - 3 potions of mutation
 p - a potion of lignification
 q - 5 potions of flight
 x - a potion of heal wounds
Miscellaneous
 s - a phantom mirror
 C - a condenser vane
 S - the horn of Geryon


   Skills:
 O Level 27 Fighting
 O Level 27 Axes
 + Level 3.8 Throwing
 O Level 27 Armour
 + Level 26.0 Dodging
 - Level 18.1 Stealth
 * Level 22.8 Shields
 + Level 18.8 Evocations


You had 15 spell levels left.
You didn't know any spells.
Your spell library was empty.

Dungeon Overview and Level Annotations

Branches:
Dungeon (1/1)

Altars:
Cheibriados
Dithmenos
Elyvilon
Fedhas
Gozag
Hepliaklqana
Kikubaaqudgha
Makhleb
Nemelex Xobeh
Okawaru
Qazlal
Ru
Sif Muna
Trog
Uskayaw
Vehumet
Wu Jian
Xom
Yredelemnul
Zin
The Shining One
Beogh
Jiyva
Lugonu

Shops:
D ?=((!:[![![!?:(:![=!(=?

Annotations:
D Dispater


Innate Abilities, Weirdness & Mutations

You have a pair of horns on your head.
You reflexively headbutt those who attack you in melee.
You are agile. (Dex +2)
Armour fits poorly on your strangely shaped body.
Your magical capacity is low. (-10% MP)
You are strong-willed. (Will+)
Your system is resistant to poisons. (rPois)


Message History

You hit the Hell Sentinel but do no damage.
You block the Hell Sentinel's attack. The Hell Sentinel closely misses you.
Unknown command.
You slash the Hell Sentinel!
You headbutt the Hell Sentinel, but do no damage.
The Hell Sentinel is moderately wounded.
You slash the Hell Sentinel! You hit Dispater but do no damage.
Dispater gestures.
You hit the Hell Sentinel. You headbutt the Hell Sentinel!!
The Hell Sentinel is heavily wounded.
You hit the Hell Sentinel. You hit Dispater but do no damage.
You slice the Hell Sentinel!! The Hell Sentinel gestures at you.
Your +2 tower shield of reflection reflects the iron shot!
The iron shot hits the Hell Sentinel!!!
You block the Hell Sentinel's attack.
The Hell Sentinel completely misses you.
You hit Dispater but do no damage.
You headbutt Dispater, but do no damage.
Dispater is moderately wounded.
You open the Hell Sentinel like a pillowcase!!!
You slash the Hell Sentinel!
You feel the power of Trog in you as your rage grows.
You kill the Hell Sentinel!
The Hell Sentinel disappears in a puff of smoke!
You slash the Hell Sentinel!
Unknown command.
You hit Dispater.
Dispater is moderately wounded.
You slice the Hell Sentinel!! You slash the Hell Sentinel!
The Hell Sentinel gestures at you.
The sphere of damnation explodes!
The damnation engulfs you!
* * * LOW HITPOINT WARNING * * *
The damnation engulfs the Hell Sentinel.
The Hell Sentinel completely resists.
The damnation engulfs Dispater.
Dispater completely resists.
The damnation engulfs the Hell Sentinel.
The Hell Sentinel completely resists.
Dispater gestures.
The Hell Sentinel gestures at you.
The sphere of damnation explodes!
The damnation engulfs you!!
You die...

#∩....))....## ♣....°.≈...♣
#∩.########### ♣..≈..°≈≈.≈♣
#∩.....)†....# ♣.♣.≈°≈°.≈.♣
##...........# ♣♣♣♣♣♣♣♣∩∩∩♣
############# ♣♣♣♣♣
######################## ###
#.'..#.......##)≈....≈)# ..#
#.#..'..####'##≈......≈#...#
#.####..#.&@1##........#'###
#.#.:##'#.1§1##........'...'
#.#..#..#...}##........#'###
#.'..#.)#.))φ##≈......≈#≈≈≈#
######''#######)≈....≈)# #'#
##.#.#..#.#.######''#### .#
#....).).....##..'.....#'###
###########)###############.#
.'∩ .......)...).......#...#
##.## #∩


You could see Dispater and 3 Hell Sentinels.

Vanquished Creatures
  Mennas (D)
  2 royal mummies (D)
  Boris (D)
  Frederick (D)
  Geryon (D)
  A golden dragon (D)
  An iron giant (D)
  3 Hell Sentinels (D)
  2 titans (D)
  2 deep elf blademasters (D)
  2 quicksilver dragons (D)
  A lich (D)
  2 sphinxes (D)
  An Executioner (D)
  Harold (D)
  Gastronok (D)
  3 shadow dragons (D)
  Chuck (D)
  Roxanne (D)
  4 azure jellies (D)
  A nagaraja (D)
  2 draconian knights (D)
  An iron dragon (D)
  4 war gargoyles (D)
  Nessos (D)
  4 stone giants (D)
  4 deep elf demonologists (D)
  2 dire elephants (D)
  Azrael (D)
  A yellow draconian (D)
  An iron golem (D)
  8 mummy priests (D)
  A deep elf death mage (D)
  A deep elf high priest (D)
  A fire dragon (D)
  4 yaktaur captains (D)
  Erolcha (D)
  2 hell beasts (D)
  A jorogumo (shapeshifter) (D)
  A naga warrior (D)
  An ogre mage (D)
  3 hydras (D)
  5 anacondas (D)
  18 vault guards (D)
  2 centaur warriors (D)
  4 dancing weapons (D)
  4 death yaks (D)
  A satyr (shapeshifter) (D)
  2 iron elementals (D)
  A titan zombie (D)
  2 soul eaters (D)
  4 orc high priests (D)
  Urug (D)
  3 deep elf knights (D)
  2 sun demons (D)
  3 death drakes (D)
  8 skeletal warriors (D)
  A shadow wraith (D)
  An anaconda zombie (D)
  A golden dragon zombie (D)
  A spriggan druid (D)
  A glowing orange brain (D)
  A spectral hydra (D)
  A swamp dragon (shapeshifter) (D)
  2 obsidian statues (D)
  A lindwurm (D)
  A spectral iron dragon (D)
  Joseph (D)
  2 deep elf zephyrmancers (D)
  2 deep elf pyromancers (D)
  4 crystal guardians (D)
  2 oklob plants (D)
  4 ugly things (D)
  A shining eye (D)
  An elephant (shapeshifter) (D)
  3 rust devils (D)
  A guardian serpent (D)
  A moth of wrath (shapeshifter) (D)
  7 black mambas (D)
  An iron troll simulacrum (D)
  2 elephants (D)
  A molten gargoyle (D)
  8 statues (D)
  2 cane toads (D)
  A rime drake (D)
  12 yaktaurs (D)
  2 ice devils (D)
  A komodo dragon (D)
  19 guardian mummies (D)
  2 anaconda simulacra (D)
  4 spriggan defenders (D)
  2 tyrant leeches (D)
  3 hornets (D)
  A queen bee (D)
  8 blink frogs (D)
  A dream sheep (shapeshifter) (D)
  6 slime creatures (D)
  3 wandering mushrooms (D)
  A shadow (D)
  2 spriggans (D)
  A golden eye (D)
  5 redbacks (D)
  A spatial vortex (D)
  2 nagas (D)
  4 water moccasins (D)
  2 floating eyes (D)
  3 hydra simulacra (D)
  A swamp drake (D)
  4 orc warriors (D)
  A necrophage (D)
  5 swamp dragon skeletons (D)
  5 two-headed ogres (D)
  A water elemental (D)
  32 killer bees (D)
  An electric eel (D)
  A jelly (D)
  Crazy Yiuf (D)
  3 orc priests (D)
  Jessica (D)
  A wizard (D)
  A necromancer (D)
  An orc wizard (D)
  A polar bear simulacrum (D)
  A wolf simulacrum (D)
  3 humans (D)
  A kobold demonologist (D)
  2 adders (D)
  8 orcs (D)
  An endoplasm (D)
  2 rats (D)
  5 bushes (D)
  8 butterflies (D)
  A plant (D)
370 creatures vanquished.

Vanquished Creatures (collateral kills)
  Rupert (D)
  An orc priest (D)
  An orc wizard (D)
3 creatures vanquished.

Vanquished Creatures (others)
  A yaktaur (D)
  3 ball lightnings (D)
  5 ballistomycete spores (D)
  A bush (D)
  58 plants (D)
68 creatures vanquished.

Grand Total: 441 creatures vanquished

Notes
Turn   | Place    | Note
-------+----------+-------------------------------------------
     0 | D        | mhtbhm the Minotaur Berserker began the quest for the Orb.
     0 | D        | Reached XP level 1. HP: 19/19 MP: 0/0
    41 | D        | Noticed Jessica
    42 | D        | Reached ** piety under Trog
    44 | D        | Killed Jessica
    45 | D        | Reached skill level 5 in Fighting
    45 | D        | Reached skill level 5 in Axes
    45 | D        | Reached XP level 2. HP: 24/30 MP: 1/1
    45 | D        | Reached XP level 3. HP: 30/37 MP: 2/2
   224 | D        | Noticed Crazy Yiuf
   231 | D        | Killed Crazy Yiuf
   231 | D        | Reached *** piety under Trog
   232 | D        | Reached XP level 4. HP: 39/45 MP: 3/3
   312 | D        | Gained mutation: You are strong-willed. (Will+) [potion of
                  | mutation]
   312 | D        | Gained mutation: Your system is resistant to poisons.
                  | (rPois) [potion of mutation]
   312 | D        | Gained mutation: You are agile. (Dex +2) [potion of
                  | mutation]
   361 | D        | Noticed a water elemental
   371 | D        | Killed a water elemental
   372 | D        | Reached skill level 5 in Armour
   572 | D        | Found a basalt altar of Yredelemnul.
   572 | D        | Found a shadowy altar of Dithmenos.
   572 | D        | Found a sacrificial altar of Ru.
   572 | D        | Noticed a necrophage
   576 | D        | Killed a necrophage
   577 | D        | Reached XP level 5. HP: 57/57 MP: 4/4
   639 | D        | Found a hide-covered altar of Uskayaw.
   639 | D        | Found an iron altar of Okawaru.
   639 | D        | Found a bloodstained altar of Trog.
   639 | D        | Found an ornate altar of the Wu Jian Council.
   639 | D        | Noticed a human
   640 | D        | Noticed a human
   644 | D        | Killed a human
   644 | D        | Reached **** piety under Trog
   645 | D        | Reached skill level 10 in Fighting
   645 | D        | Reached skill level 10 in Axes
   645 | D        | Reached skill level 5 in Dodging
   645 | D        | Reached XP level 6. HP: 67/67 MP: 5/5
   647 | D        | Killed a human
   648 | D        | Reached XP level 7. HP: 74/74 MP: 6/6
   699 | D        | Found a radiant altar of Vehumet.
   699 | D        | Found a shimmering blue altar of Sif Muna.
   699 | D        | Found an ancient bone altar of Kikubaaqudgha.
   704 | D        | Reached ***** piety under Trog
   712 | D        | Found a glowing silver altar of Zin.
   712 | D        | Found a glowing golden altar of the Shining One.
   712 | D        | Found a white marble altar of Elyvilon.
   713 | D        | Noticed a deep elf pyromancer
   728 | D        | Killed a deep elf pyromancer
   729 | D        | Reached skill level 10 in Armour
   956 | D        | Noticed a shadow
   959 | D        | Killed a shadow
   959 | D        | Received a gift from Trog
   960 | D        | Reached XP level 8. HP: 84/85 MP: 7/7
  1075 | D        | Found a blossoming altar of Fedhas.
  1075 | D        | Found a stormy altar of Qazlal.
  1075 | D        | Found a snail-covered altar of Cheibriados.
  1075 | D        | Found a burning altar of Makhleb.
  1075 | D        | Found a shimmering altar of Xom.
  1076 | D        | Found a hazy altar of Hepliaklqana.
  1076 | D        | Found an opulent altar of Gozag.
  1076 | D        | Found a sparkling altar of Nemelex Xobeh.
  1076 | D        | Found a corrupted altar of Lugonu.
  1076 | D        | Found a viscous altar of Jiyva.
  1178 | D        | Noticed a two-headed ogre
  1181 | D        | Killed a two-headed ogre
  1182 | D        | Reached skill level 1 in Stealth
  1294 | D        | Noticed a two-headed ogre
  1294 | D        | Noticed Erolcha
  1298 | D        | Killed Erolcha
  1298 | D        | Received a gift from Trog
  1299 | D        | Reached skill level 15 in Axes
  1299 | D        | Reached XP level 9. HP: 95/95 MP: 8/8
  1302 | D        | Killed a two-headed ogre
  1372 | D        | Received a gift from Trog
  1373 | D        | Noticed an orc high priest
  1373 | D        | Noticed an orc high priest
  1373 | D        | Reached ****** piety under Trog
  1374 | D        | Noticed a rust devil
  1377 | D        | Noticed a sixfirhy
  1381 | D        | Found Jonycut's Weapon Shoppe.
  1382 | D        | Noticed a smoke demon
  1382 | D        | Received a gift from Trog
  1385 | D        | Killed an orc high priest
  1386 | D        | Reached skill level 15 in Fighting
  1386 | D        | Reached skill level 1 in Evocations
  1386 | D        | Reached XP level 10. HP: 105/105 MP: 9/9
  1387 | D        | Noticed a soul eater
  1387 | D        | Noticed a rust devil
  1390 | D        | Killed an orc high priest
  1559 | D        | Received a gift from Trog
  1643 | D        | Noticed a cane toad
  1643 | D        | Noticed a cane toad
  1646 | D        | Killed a cane toad
  1650 | D        | Killed a cane toad
  1717 | D        | Received a gift from Trog
  1773 | D        | Noticed a lindwurm
  1776 | D        | Killed a lindwurm
  1787 | D        | Noticed Urug
  1793 | D        | Killed Urug
  2004 | D        | Noticed a seven-headed hydra
  2004 | D        | Noticed a six-headed hydra
  2010 | D        | Killed a three-headed hydra
  2011 | D        | Reached XP level 11. HP: 84/116 MP: 10/10
  2014 | D        | Killed a four-headed hydra
  2014 | D        | Received a gift from Trog
  2015 | D        | Reached skill level 15 in Armour
  2264 | D        | Noticed a death drake
  2268 | D        | Killed a death drake
  2410 | D        | Found a blossoming altar of Fedhas.
  2410 | D        | Noticed a spriggan druid
  2417 | D        | Killed a spriggan druid
  2418 | D        | Reached skill level 1 in Throwing
  2422 | D        | Received a gift from Trog
  2424 | D        | Noticed an anaconda
  2431 | D        | Killed an anaconda
  2772 | D        | Noticed a death drake
  2779 | D        | Killed a death drake
  2822 | D        | Received a gift from Trog
  2926 | D        | Noticed a death drake
  3249 | D        | Noticed a seven-headed hydra
  3259 | D        | Killed a four-headed hydra
  3348 | D        | Killed a death drake
  3527 | D        | Found Uwiatisij's Distillery.
  3527 | D        | Found Hifiwon's Book Shop.
  3527 | D        | Found Qytineo's Antique Armour Shoppe.
  3781 | D        | Got a decaying rune of Zot
  3799 | D        | Bought a pair of ichor-stained boots for 247 gold pieces
  3799 | D        | Identified the +0 pair of boots "Akonoucegh" {Dex+3} (You
                  | bought it in a shop in the Dungeon)
  3810 | D        | Bought a warped plate armour for 728 gold pieces
  3810 | D        | Identified the +0 plate armour of the Nexus {Contam Fly rN+
                  | Str+3} (You bought it in a shop in the Dungeon)
  3878 | D        | Received a gift from Trog
  4087 | D        | Noticed a dire elephant
  4087 | D        | Noticed a dire elephant
  4091 | D        | Received a gift from Trog
  4095 | D        | Killed a dire elephant
  4096 | D        | Reached XP level 12. HP: 130/130 MP: 11/11
  4098 | D        | Killed a dire elephant
  4125 | D        | Noticed Gastronok
  4133 | D        | Killed Gastronok
  4134 | D        | Reached skill level 5 in Stealth
  4141 | D        | Noticed Rupert
  4159 | D        | Killed Rupert
  4159 | D        | Identified the +6 executioner's axe of Trog {vorpal, Dex+4}
                  | (Trog gifted it to you in the Dungeon)
  4159 | D        | Received a gift from Trog
  4188 | D        | Noticed an azure jelly
  4188 | D        | Noticed an azure jelly
  4188 | D        | Noticed an azure jelly
  4202 | D        | Noticed an azure jelly
  4231 | D        | Noticed a death yak
  4231 | D        | Noticed a death yak
  4232 | D        | Noticed a death yak
  4236 | D        | Noticed a death yak
  4239 | D        | Killed a death yak
  4243 | D        | Killed a death yak
  4247 | D        | Killed a death yak
  4251 | D        | Killed a death yak
  4264 | D        | Received a gift from Trog
  4432 | D        | Noticed an anaconda
  4437 | D        | Received a gift from Trog
  4440 | D        | Killed an anaconda
  4630 | D        | Noticed an anaconda
  4630 | D        | Noticed an anaconda
  4630 | D        | Noticed an anaconda
  4633 | D        | Killed an anaconda
  4634 | D        | Killed an anaconda
  4635 | D        | Killed an anaconda
  4635 | D        | Received a gift from Trog
  4636 | D        | Reached XP level 13. HP: 145/145 MP: 12/12
  4687 | D        | Noticed a nagaraja
  4689 | D        | Found Ulahueto's Magic Scroll Boutique.
  4689 | D        | Found Qiodwed's Jewellery Emporium.
  4697 | D        | Killed a nagaraja
  4698 | D        | Reached skill level 10 in Dodging
  4703 | D        | Found Faleraza's Antique Weapon Shop.
  4765 | D        | Bought the ring of Gujic {Fly rElec Str+6 Dex-4 Stlth+} for
                  | 759 gold pieces
  4773 | D        | Received a gift from Trog
  4779 | D        | Got a serpentine rune of Zot
  4907 | D        | Noticed Harold
  4907 | D        | Noticed Joseph
  4911 | D        | Killed Harold
  4918 | D        | Killed Joseph
  4992 | D        | Received a gift from Trog
  4998 | D        | Received a gift from Trog
  5004 | D        | Received a gift from Trog
  5008 | D        | Received a gift from Trog
  5140 | D        | Noticed a deep elf demonologist
  5149 | D        | Received a gift from Trog
  5152 | D        | Noticed an Ice Fiend
  5553 | D        | Received a gift from Trog
  5695 | D        | Received a gift from Trog
  5928 | D        | Noticed a fire dragon
  5930 | D        | Killed a fire dragon
  6150 | D        | Reached skill level 27 in Axes
  6315 | D        | Noticed a mummy priest
  6316 | D        | Killed a mummy priest
  6316 | D        | Received a gift from Trog
  6320 | D        | Paralysed by an air elemental for 1 turns
  6320 | D        | Noticed Boris
  6324 | D        | Paralysed by an air elemental for 1 turns
  6332 | D        | Killed Boris
  6335 | D        | Reached XP level 14. HP: 145/163 MP: 13/13
  6345 | D        | Paralysed by an air elemental for 1 turns
  6697 | D        | Found Xill's Distillery.
  6697 | D        | Found Ifitsus's Magic Scroll Shoppe.
  6697 | D        | Found Rubu's Antique Armour Emporium.
  6697 | D        | Found Xipuif's Book Boutique.
  6697 | D        | Found Umyeph's Jewellery Emporium.
  6697 | D        | Found Fuge Xenuydi's Jewellery Shop.
  6697 | D        | Found Peqac's Distillery.
  6697 | D        | Found Lixoez's Antique Weapon Shoppe.
  6697 | D        | Found Gaajaf's Book Shop.
  6697 | D        | Found Misk's Weapon Boutique.
  6697 | D        | Found Mutust's Magic Scroll Emporium.
  6770 | D        | Received a gift from Trog
  6927 | D        | Noticed a deep elf blademaster
  6935 | D        | Killed a deep elf blademaster
  7014 | D        | Noticed an Executioner
  7017 | D        | Killed an Executioner
  7017 | D        | Received a gift from Trog
  7018 | D        | Reached skill level 27 in Fighting
  7077 | D        | Found Inaumoj's Distillery.
  7077 | D        | Found Jowo's Distillery.
  7077 | D        | Found Oqoteez's Armour Shop.
  7077 | D        | Found Amatotuh's Armour Emporium.
  7077 | D        | Identified Roxanne's Tome of Clay
  7077 | D        | Noticed Roxanne
  7097 | D        | Received a gift from Trog
  7100 | D        | Killed Roxanne
  7230 | D        | Received a gift from Trog
  7563 | D        | Found Momucaes's Distillery.
  7563 | D        | Noticed a black draconian knight
  7564 | D        | Noticed a black draconian knight
  7572 | D        | Killed a black draconian knight
  7578 | D        | Killed a black draconian knight
  7582 | D        | Received a gift from Trog
  7872 | D        | Noticed Mennas
  7889 | D        | Killed Mennas
  7890 | D        | Reached skill level 27 in Armour
  8165 | D        | Noticed Nessos
  8177 | D        | Killed Nessos
  8177 | D        | Received a gift from Trog
  8185 | D        | Gained mutation: Armour fits poorly on your strangely
                  | shaped body. [a shining eye]
  8193 | D        | Gained mutation: Your magical capacity is low. (-10% MP) [a
                  | shining eye]
  8203 | D        | Reached skill level 5 in Evocations
  8208 | D        | Received a gift from Trog
  8812 | D        | Noticed a broodmother
  8812 | D        | an ice dragon changed into a broodmother
  9161 | D        | Noticed Chuck
  9172 | D        | Killed Chuck
  9175 | D        | Identified the +2 rapier "Vioduavy" {vorpal, Int+2}
  9267 | D        | Noticed Frederick
  9279 | D        | Killed Frederick
  9279 | D        | Received a gift from Trog
  9280 | D        | Reached XP level 15. HP: 174/174 MP: 12/12
  9339 | D        | Noticed a lich
  9346 | D        | Killed a lich
  9347 | D        | Reached skill level 15 in Dodging
  9580 | D        | Received a gift from Trog
  9582 | D        | Reached skill level 10 in Stealth
  9582 | D        | Noticed a shadow dragon
  9582 | D        | Noticed a shadow dragon
  9590 | D        | Killed a shadow dragon
  9593 | D        | Killed a shadow dragon
  9928 | D        | Identified the +7 battleaxe "Wunylec" {antimagic, Str+4}
                  | (Trog gifted it to you in the Dungeon)
  9928 | D        | Received a gift from Trog
 10122 | D        | Noticed an ancient lich
 11156 | D        | Noticed Azrael
 11159 | D        | Killed Azrael
 11196 | D        | Acquired the ring of the Vanishing People {rElec rN+++
                  | Will+ Int-4 Stlth-}
 11251 | D        | Identified the +8 plate armour "Losatae" {Str+7}
 11253 | D        | Noticed a deep elf blademaster
 11265 | D        | Received a gift from Trog
 11269 | D        | Killed a deep elf blademaster
 11270 | D        | Reached skill level 10 in Evocations
 11537 | D        | Killed an azure jelly
 11540 | D        | Killed an azure jelly
 11540 | D        | Received a gift from Trog
 11547 | D        | Killed an azure jelly
 11550 | D        | Killed an azure jelly
 12611 | D        | Noticed a golden dragon
 12611 | D        | Noticed a titan
 12611 | D        | Noticed a titan
 12611 | D        | Noticed a quicksilver dragon
 12611 | D        | Noticed a quicksilver dragon
 12612 | D        | Noticed a shadow dragon
 12617 | D        | Received a gift from Trog
 12619 | D        | Received a gift from Trog
 12622 | D        | Reached skill level 15 in Stealth
 12624 | D        | Killed a quicksilver dragon
 12624 | D        | Received a gift from Trog
 12625 | D        | Killed a golden dragon
 12632 | D        | Killed a quicksilver dragon
 12632 | D        | Received a gift from Trog
 12633 | D        | Reached XP level 16. HP: 87/183 MP: 13/13
 12636 | D        | Killed a titan
 12640 | D        | Killed a shadow dragon
 12641 | D        | Reached skill level 15 in Evocations
 12644 | D        | Killed a titan
 12644 | D        | Received a gift from Trog
 12809 | D        | Identified the +7 longbow of Quick Death {venom, Drain rN+
                  | Dex+4}
 12815 | D        | Got a silver rune of Zot
 12819 | D        | Acquired a manual of Dodging
 12952 | D        | Noticed a sphinx
 12952 | D        | Noticed a sphinx
 12963 | D        | Killed a sphinx
 12963 | D        | Identified the +9 broad axe "Hugelop" {flame, *Rage rElec
                  | rN+++ Dex-4} (Trog gifted it to you in the Dungeon)
 12963 | D        | Received a gift from Trog
 12963 | D        | Killed a sphinx
 13126 | D        | Reached skill level 1 in Shields
 13194 | D        | Reached skill level 5 in Shields
 13271 | D        | Identified the +3 hand axe "Aqube" {vorpal, Dex+4} (Trog
                  | gifted it to you in the Dungeon)
 13271 | D        | Received a gift from Trog
 13331 | D        | Received a gift from Trog
 13339 | D        | Reached skill level 10 in Shields
 13349 | D        | Received a gift from Trog
 13352 | D        | Identified the amulet of Springtime {Faith Harm Fly Regen+
                  | Str+7}
 13352 | D        | Noticed a royal mummy
 13387 | D        | Noticed a royal mummy
 13398 | D        | Killed a royal mummy
 13405 | D        | Killed a royal mummy
 13405 | D        | Received a gift from Trog
 13422 | D        | Got a golden rune of Zot
 13440 | D        | Acquired the +1 pair of gloves "Town" {rPois rCorr Dex+4}
 13444 | D        | Acquired 1121 gold pieces
 13449 | D        | Acquired 786 gold pieces
 13453 | D        | Acquired 677 gold pieces
 13457 | D        | Acquired the +0 pair of fencer's gloves {Riposte Dex+3}
 13457 | D        | Found the +0 pair of fencer's gloves {Riposte Dex+3}
 13933 | D        | Noticed Geryon
 13940 | D        | Reached skill level 15 in Shields
 13941 | D        | Received a gift from Trog
 13947 | D        | Received a gift from Trog
 13953 | D        | Killed Geryon
 14042 | D        | Noticed an iron giant
 14051 | D        | Killed an iron giant
 14051 | D        | Received a gift from Trog
 14124 | D        | Received a gift from Trog
 14201 | D        | Found the +10 tower shield of Ignorance {rN+ Int-4}
 14201 | D        | Found the +3 pair of gauntlets of War {Slay+5}
 14202 | D        | Noticed a Hell Sentinel
 14215 | D        | Killed a Hell Sentinel
 14302 | D        | Noticed a Hell Sentinel
 14302 | D        | Found the +4 staff of Dispater
 14302 | D        | Noticed Dispater
 14303 | D        | Noticed a Hell Sentinel
 14306 | D        | Noticed a Hell Sentinel
 14308 | D        | Noticed a Hell Sentinel
 14313 | D        | Killed a Hell Sentinel
 14315 | D        | Killed a Hell Sentinel
 14322 | D        | Noticed a Hell Sentinel
 14324 | D        | Killed from afar by a Hell Sentinel

Illustrated notes

Levels and vault maps discovered:
D:        dungeon_sprint_mu [sprint_mu_entry_forest, sprint_mu_temple_rooms,
          sprint_mu_d1_spiders, sprint_mu_d2_genie, sprint_mu_d3_branching,
          sprint_mu_orc_legion, sprint_mu_elf_gauntlet, sprint_mu_hive_nellie,
          sprint_mu_lair_fedhas, sprint_mu_vaults_butterflies,
          sprint_mu_slime_circle, sprint_mu_swamp_cave, sprint_mu_snake_twists,
          sprint_mu_blade_basic, sprint_mu_crypt_lich, sprint_mu_tomb_spiral,
          sprint_mu_vestibule_basic, sprint_mu_gehenna_hellfire,
          sprint_mu_dis_giant, sprint_mu_tartarus_statrot,
          sprint_mu_cocytus_islands, sprint_mu_zot1]

Skill      XL: |  1  2  3  4  5  6  7  8  9 10 11 12 13 14 15 16 |
---------------+-------------------------------------------------+-----
Fighting       | 5 6 9 10 11 12 14 15 16 19 22 25 27 | 27.0
Axes           | 5 7 9 10 11 12 15 17 20 23 24 27 | 27.0
Armour         | 3 4 6 8 10 12 14 16 18 21 27 | 27.0
Dodging        | 3 4 5 6 7 8 9 10 14 21 26 | 26.0
Stealth        | 1 2 3 4 6 9 16 18 | 18.1
Evocations     | 1 2 3 7 14 18 | 18.8
Throwing       | 2 3 |  3.8
Shields        | 22 | 22.8

Action                   |  1- 3 |  4- 6 |  7- 9 | 10-12 | 13-15 | 16-18 || total
-------------------------+-------+-------+-------+-------+-------+-------++-------
Melee: Hand axe          |    16 |    16 |    20 |       |       |       ||    52
       Headbutt          |     3 |     4 |    13 |    31 |    88 |    51 ||   190
       Punch             |       |     2 |       |       |       |       ||     2
       Battleaxe         |       |       |    32 |   140 |       |       ||   172
       Executioner's axe |       |       |       |    49 |   400 |    34 ||   483
       Broad axe         |       |       |       |       |       |   128 ||   128
Throw: Javelin           |       |       |       |     4 |       |       ||     4
       Dart              |       |       |       |     2 |       |       ||     2
Invok: Berserk           |     1 |     3 |     4 |     6 |    12 |     5 ||    31
       Brothers in Arms  |       |       |       |       |     1 |       ||     1
       Trog's Hand       |       |       |       |       |     1 |     1 ||     2
Evoke: Phantom mirror    |       |       |     3 |     1 |     3 |       ||     7
       Condenser vane    |       |       |       |       |     3 |     2 ||     5
  Use: Potion            |       |     1 |       |     1 |    10 |       ||    12
       Scroll            |       |       |       |       |    10 |     8 ||    18
 Stab: Distracted        |       |       |       |     2 |     3 |       ||     5
       Confused          |       |       |       |     1 |       |       ||     1
       Invisible         |       |       |       |       |     1 |       ||     1
       Sleeping          |       |       |       |       |       |     2 ||     2
Armor: Scale mail        |     2 |     3 |    12 |    42 |       |       ||    59
       Plate armour      |       |       |       |    27 |   183 |    39 ||   249
Dodge: Dodged            |     6 |     8 |    26 |    89 |   230 |    61 ||   420
Block: Tower shield      |       |       |       |       |       |   107 ||   107
       Reflection        |       |       |       |       |       |    31 ||    31
       Rpst.: Broad axe  |       |       |       |       |       |     2 ||     2

Table legend: (Time is in decaauts) A = Elapsed time spent in this place. B = Non-inter-level travel time spent in this place. C = Inter-level travel time spent in this place. D = Time resting spent in this place. E = Time spent auto-exploring this place. F = Levels seen in this place. G = Mean time per level. A B C D E F G +--------+--------+--------+--------+--------+-----+--------+ Total | 14544 | 14402 | 142 | 10127 | 9 | 1 | 14544.0 | Dungeon | 14544 | 14402 | 142 | 10127 | 9 | 1 | 14544.0 | +--------+--------+--------+--------+--------+-----+--------+

Top non-repeatable levels by time:
       D: 14544 daAuts
